 Dungeon Crawl Stone Soup version 0.24.0-37-gcf1ca852f1 (webtiles) character file.

Game seed: 3655876890539799284, levelgen mode: deterministic

281 grindst0ne the Ducker (level 6, -5/43 HPs)
             Began as an Octopode Fighter on Nov 24, 2019.
             Was an Initiate of the Shining One.
             Slain by an ogre
             ... wielding a +0 giant spiked club
              (24 damage)
             ... on level 4 of the Dungeon.
             The game lasted 00:04:48 (1772 turns).

grindst0ne the Ducker (Octopode Fighter)            Turns: 1772, Time: 00:04:48

Health: -5/43      AC:  3    Str: 21    XL:     6   Next: 27%
Magic:  6/6        EV: 13    Int: 10    God:    the Shining One [......]
Gold:   79         SH: 10    Dex: 17    Spells: 5/5 levels left

rFire    . . .     SeeInvis +   a - +0 war axe
rCold    . . .     Gourm    .   b - +0 shield
rNeg     . . .     Faith    .   n - +2 hat
rPois    .         Spirit   .   (no amulet)
rElec    .         Reflect  .   h - ring of see invisible
rCorr    .         Harm     .   k - +4 ring of dexterity
MR       .....                  (no ring)
Stlth    +.........             (no ring)
HPRegen  0.14/turn              (no ring)
MPRegen  0.10/turn              (no ring)
                                (no ring)
                                (no ring)

@: mighty, glowing
A: almost no armour, stealthy swim, amphibious, 8 rings, constrict 8, camouflage
1, gelatinous body 1
a: Renounce Religion


You were on level 4 of the Dungeon.
You worshipped the Shining One.
The Shining One was noncommittal.
You were hungry.

You visited 2 branches of the dungeon, and saw 4 of its levels.

You collected 79 gold pieces.

Inventory:

Hand Weapons
 a - a +0 war axe (weapon)
Armour
 b - a +0 shield (worn)
 n - a +2 hat (worn)
Jewellery
 h - a ring of see invisible (left tentacle)
 k - a +4 ring of dexterity (right tentacle)
Scrolls
 f - 3 scrolls of magic mapping {unknown}
 g - a scroll of amnesia {unknown}
 j - a scroll of fog {unknown}
 m - a scroll of enchant weapon {unknown}
 o - 3 scrolls of identify {unknown}
Potions
 e - 2 potions of haste {unknown}
 l - a potion of degeneration {unknown}
 p - a potion of heal wounds {unknown}
Comestibles
 d - 2 rations


   Skills:
 + Level 4.2 Fighting
 + Level 3.5 Axes
 + Level 4.2 Dodging
 + Level 4.2 Shields


You had 5 spell levels left.
You didn't know any spells.
Your spell library was empty.

Dungeon Overview and Level Annotations

Branches:
Dungeon (4/15)             Temple (1/1) D:4

Altars:
Ashenzari
Cheibriados
Fedhas
Hepliaklqana
Kikubaaqudgha
Makhleb
Vehumet
Xom
Yredelemnul
Zin
The Shining One

Annotations:
D:2 2 transporters, Menkaure


Innate Abilities, Weirdness & Mutations

You cannot wear most types of armour.
You are very stealthy in the water. (Stealth+)
You are amphibious.
You can wear up to eight rings at the same time.
You can use your tentacles to constrict eight enemies at once.
Your skin changes colour to match your surroundings (Stealth+).
Your rubbery body absorbs attacks. (AC +1, EV +1)


Message History

Okay, then.
Things that are here:
a +0 leather armour; a +0 hand axe
Things that are here:
a +0 chain mail; a +0 club The giant cockroach waves its antennae.
Things that are here:
a +0 chain mail; a +0 club The giant cockroach waves its antennae.
You feel very mighty all of a sudden. The ogre barely misses you.
You slash the ogre! You squeeze the ogre!
The ogre is severely wounded.
The ogre hits you with a +0 giant spiked club.
You slash the ogre!
The ogre is almost dead.
The giant cockroach waves its antennae.
The ogre hits you with a +0 giant spiked club!!
Ouch! That really hurt!
You die...

#.# #####.#### #####
#........#
#...####[##...#.#
###.[....[......#.## #
#...)..[.#.........#.####
#[#....#.#.........).....
#.#..#.#.#.........#.####
#.#..#.#@####...#### #
#.#....#O# #...#
#.#.#.s#s# #...#
#.#.#..#.# ##.##
#........# #+# ###....###
###.## #.. #...


You could see an ogre and a giant cockroach.

Vanquished Creatures
  A scorpion (D:4)
  A howler monkey (D:4)
  An orc priest (D:4)
  A bullfrog skeleton (D:2)
  A hound skeleton (D:2)
  4 gnolls
  2 adders (D:2)
  A worm (D:2)
  A dart slug (D:1)
  A leopard gecko (D:1)
  8 orcs (D:4)
  10 bats
  2 giant cockroaches (D:2)
  2 goblins (D:1)
  5 hobgoblins
  4 jackals (D:1)
  8 kobolds
  2 frilled lizards
  3 rats
58 creatures vanquished.

Notes
Turn   | Place    | Note
-------+----------+-------------------------------------------
     0 | D:1      | grindst0ne the Octopode Fighter began the quest for the
                  | Orb.
     0 | D:1      | Reached XP level 1. HP: 16/16 MP: 1/1
    10 | D:1      | Reached XP level 2. HP: 13/21 MP: 2/2
   132 | D:1      | Reached XP level 3. HP: 22/26 MP: 3/3
   814 | D:2      | Reached XP level 4. HP: 32/32 MP: 4/4
   867 | D:2      | Found a transporter.
   894 | D:2      | Found a transporter.
   894 | D:2      | Found a basalt altar of Yredelemnul.
   895 | D:2      | Found the +7 sceptre of Torment {pain, torment}
   896 | D:2      | Noticed Menkaure
   904 | D:2      | Found an ancient bone altar of Kikubaaqudgha.
   906 | D:2      | Noticed a hungry ghost
   973 | D:2      | Reached XP level 5. HP: 32/37 MP: 5/5
  1209 | D:2      | You fall into a shaft and drop 2 floors!
  1352 | D:4      | Found a staircase to the Ecumenical Temple.
  1364 | D:4      | Reached XP level 6. HP: 42/43 MP: 6/6
  1368 | Temple   | Entered the Ecumenical Temple
  1686 | Temple   | Became a worshipper of the Shining One
  1772 | D:4      | Slain by an ogre

Levels and vault maps discovered:
D:1:      scummos_arrival_simple_fountains, layout_loops_cross
D:2:      layout_basic, gammafunk_temple_of_torment
D:4:      layout_loops_corners, lightli_temple_of_fire,
          lemuel_coloured_pillars_altar, minmay_temple_entry_statues_pillars,
          uniq_natasha
Temple:   compressed_dpeg_triangle_lava_temple

Skill      XL: |  1  2  3  4  5 |
---------------+----------------+-----
Axes           | 3 |  3.5
Fighting       | 4 |  4.2
Dodging        | 4 |  4.2
Shields        | 4 |  4.2

Action                   |  1- 3 |  4- 6 || total
-------------------------+-------+-------++-------
Melee: War axe           |    51 |    44 ||    95
       Constrict         |    14 |    14 ||    28
       Tentacles         |    13 |    12 ||    25
  Use: Potion            |       |     1 ||     1
 Stab: Sleeping          |     5 |     1 ||     6
  Eat: Chunk             |       |     2 ||     2
Armor: Skin              |     8 |     3 ||    11
Dodge: Dodged            |    31 |    22 ||    53
Block: Shield            |    24 |    19 ||    43
